 Dungeon Crawl Stone Soup version 0.17-a0-1804-gf6433eb (webtiles) character file.

216 LordBones the Shield-Bearer (level 6, -2/47 HPs)
             Began as a Human Fighter on Sept 8, 2015.
             Slain by a gnoll
             ... wielding a +1 whip of electrocution
              (5 damage)
             ... on level 4 of the Dungeon on Sept 11, 2015.
             The game lasted 00:17:28 (2966 turns).

LordBones the Shield-Bearer (Human Fighter)         Turns: 2966, Time: 00:17:28

Health: -2/47      AC:  8    Str: 18    XL:     6   Next: 16%
Magic:  6/6        EV:  8    Int:  9    God:
Gold:   147        SH:  9    Dex: 12    Spells: 0 memorised, 5 levels left

rFire  + . .     SeeInvis .     a - +1 long sword
rCold  . . .     Clarity  .     b - +1 scale mail
rNeg   . . .     SustAt   .     c - +0 shield
rPois  .         Gourm    .     (no helmet)
rElec  .         Spirit   .     (no cloak)
rCorr  +         Warding  .     (no gloves)
rMut   .         Stasis   .     (no boots)
MR     +....                    u - amulet of resist corrosion
Stlth  ..........               l - ring of protection from magic
                                h - ring of protection from fire

@: somewhat resistant to hostile enchantments, extremely unstealthy
A: no striking features
a: no special abilities


You were on level 4 of the Dungeon.
You were not hungry.

You visited 1 branch of the dungeon, and saw 4 of its levels.

You collected 147 gold pieces.

Inventory:

Hand weapons
 a - a +1 long sword (weapon)
 f - a +0 whip
 n - a +0 hunting sling
Missiles
 o - 8 javelins (quivered)
Armour
 b - a +1 scale mail (worn)
 c - a +0 shield (worn)
 m - a +0 centaur barding
 p - a +0 ring mail
 q - a +0 leather armour
 s - a +0 ring mail
 t - a +0 chain mail
Jewellery
 g - an uncursed amulet of regeneration
 h - a ring of protection from fire (left hand)
 l - a ring of protection from magic (right hand)
 u - an amulet of resist corrosion (around neck)
Scrolls
 i - 2 scrolls of amnesia
 j - 4 scrolls of teleportation
 k - a scroll of identify
 r - a scroll of remove curse
Potions
 d - a potion of might
Comestibles
 e - 3 bread rations


   Skills:
 + Level 3.4 Fighting
 + Level 3.0 Long Blades
 + Level 4.1 Armour
 + Level 2.0 Dodging
 + Level 4.2 Shields


You had 5 spell levels left.
You didn't know any spells.

Dungeon Overview and Level Annotations

Branches:
Dungeon (4/15)
 Temple: D:4-7

Altars:


Message History

The gnoll is heavily wounded.
The gnoll hits you but does no damage.
You hit the gnoll.
The gnoll is severely wounded.
The gnoll barely misses you. x2
A gnoll comes into view. It is wielding a club.
You barely miss the gnoll.
The gnoll is severely wounded.
The gnoll barely misses you. You block the gnoll's attack.
You closely miss the gnoll.
The gnoll is severely wounded.
The gnoll hits you.
* * * LOW HITPOINT WARNING * * *
The gnoll hits you but does no damage. The gnoll barely misses you.
Your shield and scale mail prevent you from hitting the gnoll.
The gnoll is severely wounded.
You block the gnoll's attack.
You closely miss the gnoll.
The gnoll hits you with a whip of electrocution.
You die...

#.......# ###....## #.#
#.#.## #.# #.### #.# #.#
# #.# # ####.######.#
##.#.# ............#
..#.###.#
########.#######gg.....#
#....#..g@# ####.#.####
#.#.# #...# #####


You could see 3 gnolls.

Vanquished Creatures
  The ghost of B1inky the Conjurer, an average OpFE (D:3)
  Terence (D:2)
  Robin (D:2)
  2 adders
  A worm (D:2)
  9 orcs
  6 bats
  4 giant cockroaches
  19 goblins
  8 hobgoblins
  7 kobolds
  5 giant newts
  6 jackals (D:2)
  6 rats
  2 plants (D:1)
78 creatures vanquished.

Notes
Turn   | Place    | Note
--------------------------------------------------------------
     0 | D:1      | LordBones the Human Fighter began the quest for the Orb.
     0 | D:1      | Reached XP level 1. HP: 18/18 MP: 1/1
   268 | D:1      | Reached XP level 2. HP: 24/24 MP: 2/2
   752 | D:1      | Upgraded the game from 0.17-a0-1778-gd369669 to 0.17-a0-1804-gf6433eb
   884 | D:2      | Reached XP level 3. HP: 29/29 MP: 3/3
  1310 | D:2      | Noticed Robin
  1340 | D:2      | Reached XP level 4. HP: 26/35 MP: 4/4
  1355 | D:2      | Killed Robin
  1355 | D:2      | Reached skill level 1 in Dodging
  1459 | D:2      | Noticed Terence
  1481 | D:2      | Killed Terence
  1481 | D:2      | Reached skill level 4 in Shields
  1558 | D:2      | Reached XP level 5. HP: 41/41 MP: 5/5
  2537 | D:3      | Noticed B1inky's ghost (average OpFE)
  2574 | D:3      | Killed B1inky's ghost
  2574 | D:3      | Reached XP level 6. HP: 27/47 MP: 6/6
  2927 | D:4      | HP: 1/47 [orc wizard/magic dart (2)]
  2966 | D:4      | Slain by a gnoll

Vault maps used:
D:1:      minmay_arrival_plants_in_alcoves, serial_bayou_lagoon_a
D:2:      first_bread, minmay_quantized, uniq_robin, uniq_terence
D:3:      kennysheep_generic_room_8
D:4:      kennysheep_generic_room_13

Action                   |  1- 3 |  4- 6 || total
-------------------------+-------+-------++-------
Melee: Long sword        |   206 |   210 ||   416
  Use: Scroll            |     5 |     5 ||    10
       Potion            |     1 |     1 ||     2
  Eat: Beef jerky        |     1 |       ||     1
       Bread ration      |       |     1 ||     1
       Meat ration       |       |     1 ||     1
